 Dungeon Crawl Stone Soup version 0.21-a0-521-g1cd18d1 (webtiles) character file.

214 slep the Chopper (level 5, 0/61 HPs)
             Began as a Demonspawn Monk on Dec 6, 2017.
             Slain by an ogre
             ... wielding a +0 giant club
              (10 damage)
             ... on level 3 of the Dungeon.
             The game lasted 00:09:24 (2905 turns).

slep the Chopper (Demonspawn Monk)                  Turns: 2905, Time: 00:09:25

Health: 0/61       AC:  8    Str: 16 (17) XL:     5   Next: 60%
Magic:  5/5        EV: 10    Int: 10 (11) God:
Gold:   164        SH:  0    Dex: 16      Spells: 4/4 levels left

rFire    + . .     SeeInvis .   a - +0 hand axe
rCold    + . .     Gourm    .   (no shield)
rNeg     . . .     Faith    .   d - +0 chain mail
rPois    .         Spirit   .   (no helmet)
rElec    .         Reflect  .   n - scarf {rC+ rF+}
rCorr    .         Harm     .   (no gloves)
MR       .....                  (no boots)
Stlth    ..........             (no amulet)
HPRegen  0.20/turn              (no ring)
MPRegen  0.09/turn              (no ring)

@: berserking (expiring), drained, very quick
A: repulsion field 1, foul stench 1, nightstalker 1, rot immunity
a: no special abilities


You were on level 3 of the Dungeon.
You were not hungry.

You visited 1 branch of the dungeon, and saw 4 of its levels.

You collected 164 gold pieces.

Inventory:

Hand Weapons
 a - a +0 hand axe (weapon)
 g - a +1 spear of piercing
Armour
 b - a +0 robe
 d - a +0 chain mail (worn)
 h - a +0 cloak
 n - a scarf of resistance (worn)
Scrolls
 e - 4 scrolls of remove curse {unknown}
 j - 4 scrolls of identify {unknown}
 k - a scroll of enchant weapon {unknown}
 o - a scroll of immolation {unknown}
 s - a scroll of fear {unknown}
Potions
 i - 3 potions of agility
 l - 2 potions of resistance
 m - 2 potions of curing
 t - a potion of berserk rage
Comestibles
 c - 2 bread rations
 f - 2 fruits
 q - 2 royal jellies


   Skills:
 + Level 3.3(2.9) Fighting
 + Level 4.6(4.2) Axes
 + Level 2.0(1.6) Armour
 + Level 3.4(3.0) Dodging
 + Level 1.8(1.4) Stealth


You had 4 spell levels left.
You didn't know any spells.

Dungeon Overview and Level Annotations

Branches:
Dungeon (4/15)
 Temple: D:4-7

Altars:
Ashenzari
Cheibriados
Fedhas
Makhleb
Qazlal
Vehumet
Yredelemnul
The Shining One


Innate Abilities, Weirdness & Mutations

You are surrounded by a mild repulsion field. (EV +2)
You may emit foul miasma when damaged in melee.
You are slightly more attuned to the shadows.
You are immune to rotting.


Message History

Your demonic ancestry asserts itself...
You begin to emit a foul stench of rot and decay.
You barely miss the ogre. The ogre hits you with a giant club!
* * * LOW HITPOINT WARNING * * *
The ogre looks sick.
You hit the ogre.
The ogre is lightly wounded.
You barely miss the ogre.
The ogre is lightly wounded.
The ogre barely misses you.
You slash the ogre!
The ogre is severely wounded.
Your chain mail prevents you from hitting the ogre.
The ogre is severely wounded.
The ogre hits you with a giant club!
* * * LOW HITPOINT WARNING * * *
You hit the ogre.
The ogre is severely wounded.
The ogre hits you with a giant club!
You die...

...###.#...#.#.....#......# #.##.
...#....8..###.....#...##.# #.##.
...##(#....##....###...##.# #.##.
##.#####....##...# #.#.######.##.
#..# #8....##..# #.............
#..#######.####.># #.########.###
#................# #.#######..#
#.......#####.##O# #..........#
.....#+## #.##@# #########..###
.###.#.######.##.###########.....
.# #.#.........................##
.###.########.##.###########.#.#
..............<..............#.#
.###......###.##.#############.#
.# ######.# #.##.###### #.# .#
#.# #.##......# #.# .# #.#
#.#######.# #.#


You could see an ogre.

Vanquished Creatures
  An ogre (D:3)
  Crazy Yiuf (D:3)
  3 adders
  2 oozes
  A worm (D:2)
  A dart slug (D:1)
  3 orcs (D:3)
  A ball python (D:3)
  16 bats
  4 giant cockroaches
  7 hobgoblins
  3 jackals (D:3)
  A quokka (D:3)
  4 frilled lizards
  7 goblins
  5 kobolds
  3 rats
63 creatures vanquished.

Notes
Turn   | Place    | Note
-------+----------+-------------------------------------------
     0 | D:1      | slep the Demonspawn Monk began the quest for the Orb.
     0 | D:1      | Reached XP level 1. HP: 18/18 MP: 1/1
   105 | D:1      | Reached skill level 3 in Axes
   146 | D:1      | Gained mutation: You are slightly more attuned to the shadows. [demonic ancestry]
   146 | D:1      | Reached XP level 2. HP: 20/24 MP: 2/2
   512 | D:2      | Gained mutation: You are immune to rotting. [demonic ancestry]
   512 | D:2      | Reached XP level 3. HP: 25/29 MP: 3/3
   853 | D:2      | Reached skill level 1 in Armour
   888 | D:2      | Found a stormy altar of Qazlal.
   889 | D:2      | Noticed an air elemental
   895 | D:2      | Noticed an earth elemental
   898 | D:2      | Noticed a water elemental
   899 | D:2      | Noticed a fire elemental
  1163 | D:3      | Found a blossoming altar of Fedhas.
  1176 | D:3      | Found a shattered altar of Ashenzari.
  1178 | D:3      | Found a burning altar of Makhleb.
  1178 | D:3      | Found a radiant altar of Vehumet.
  1178 | D:3      | Found a glowing golden altar of the Shining One.
  1181 | D:3      | Found a basalt altar of Yredelemnul.
  1182 | D:3      | Found a snail-covered altar of Cheibriados.
  1183 | D:3      | Found a stormy altar of Qazlal.
  1331 | D:3      | Found a runed door.
  1414 | D:3      | Gained mutation: You are surrounded by a mild repulsion field. (EV +2) [demonic ancestry]
  1414 | D:3      | Reached XP level 4. HP: 32/35 MP: 4/4
  1594 | D:3      | Reached skill level 4 in Axes
  2582 | D:3      | Noticed Crazy Yiuf
  2590 | D:3      | Paralysed by Crazy Yiuf for 2 turns
  2600 | D:3      | Killed Crazy Yiuf
  2650 | D:4      | Noticed an ogre
  2652 | D:4      | Noticed an ogre
  2899 | D:3      | Killed an ogre
  2899 | D:3      | Gained mutation: You may emit foul miasma when damaged in melee. [demonic ancestry]
  2899 | D:3      | Reached XP level 5. HP: 28/41 MP: 5/5
  2905 | D:3      | Slain by an ogre

Vault maps used:
D:1:      mrwooster_arrival_arrow, serial_bayou_pond_c
D:2:      nicolae_qazlal_style_of_elements
D:3:      minitemple, guppyfry_early_orc_mine, uniq_crazy_yiuf_cottage
D:4:      kennysheep_mini_moat, roderic_roman_lattice,
          eino_small_chamber_without_monster, hangedman_decor_clover_reticule

Skill      XL: |  1  2  3  4 |
---------------+-------------+-----
Axes           | 3 4 |  4.6
Dodging        | 3 |  3.4
Armour         | 1 2 |  2.0
Fighting       | |  3.3
Stealth        | |  1.8

Action                   |  1- 3 |  4- 6 || total
-------------------------+-------+-------++-------
Melee: Hand axe          |   151 |   115 ||   266
  Use: Potion            |       |     7 ||     7
  Eat: Chunk             |     2 |     5 ||     7
Armor: Chain mail        |   119 |    99 ||   218
Dodge: Dodged            |    53 |    62 ||   115

Table legend:
 A = Spawn XP
 B = Non-spawn XP
 C = Spawn XP percentage of total XP
 D = Spawn monster count
 E = Non-spawn monster count
 F = Spawn count percentage of total count
 G = Total turns spent on level
                    A         B        C        D         E        F      G
               +---------+---------+-------+---------+---------+-------+---------
         Total |       0 |     307 |   0.0 |       0 |      63 |   0.0 |  2905
               +---------+---------+-------+---------+---------+-------+---------
           D:1 |       0 |      35 |   0.0 |       0 |      18 |   0.0 |   494
           D:2 |       0 |      55 |   0.0 |       0 |      15 |   0.0 |   647
           D:3 |       0 |     217 |   0.0 |       0 |      30 |   0.0 |  1758
               +---------+---------+-------+---------+---------+-------+---------
